 Dungeon Crawl Stone Soup version 0.27.0-1-g7a089689b8 (webtiles) character file.

Game seed: 18214837076723211975

51 mandarbmax the Ducker (level 3, 0/30 HPs)
             Began as a Minotaur Summoner on July 31, 2021.
             Slain by a quokka (2 damage)
             ... on level 3 of the Dungeon.
             The game lasted 00:03:23 (1944 turns).

mandarbmax the Ducker (Minotaur Summoner)           Turns: 1944, Time: 00:03:23

Health: 0/30       AC:  2    Str: 13    XL:     3   Next: 58%
Magic:  1/4        EV: 12    Int: 12    God:
Gold:   30         SH:  0    Dex: 10    Spells: 1/4 levels left

rFire    . . .     SeeInvis .   c - +0 short sword
rCold    . . .     Faith    .   (no shield)
rNeg     . . .     Spirit   .   a - +0 robe
rPois    .         Reflect  .   (helmet restricted)
rElec    .         Harm     .   (no cloak)
rCorr    .         Rampage  .   (no gloves)
Will     .....                  (no boots)
Stlth    ++........             (no amulet)
HPRegen  0.10/turn              (no ring)
MPRegen  0.09/turn              (no ring)

@: lethally poisoned (0 -> -4)
A: horns 2, retaliatory headbutt
a: no special abilities


You were on level 3 of the Dungeon.
You visited 1 branch of the dungeon, and saw 4 of its levels.

You collected 30 gold pieces.

Inventory:

Hand Weapons
 c - a +0 short sword (weapon)
Missiles
 b - 9 poisoned darts
Armour
 a - a +0 robe (worn)
 e - a +0 pair of gloves
Scrolls
 d - a scroll of teleportation


   Skills:
 + Level 2.8 Fighting
 - Level 3.4 Dodging
 - Level 1.5 Stealth
 - Level 1.3 Spellcasting
 - Level 2.9 Summonings


You had one spell level left.
You knew the following spells:

 Your Spells              Type           Power      Damage    Failure   Level
a - Summon Small Mammal   Summ           28%        N/A       9%          1
b - Call Imp              Summ           7%         N/A       13%         2

Your spell library contained the following spells:

 Spells                   Type           Power      Damage    Failure   Level
 Shock                    Conj/Air       0%         1d3       28%         1
 Call Canine Familiar     Summ           7%         N/A       26%         3
 Summon Guardian Golem    Hex/Summ       4%         N/A       43%         3
 Swiftness                Air            0%         N/A       65%         3
 Summon Lightning Spire   Summ/Air       4%         N/A       83%         4
 Airstrike                Air            0%         N/A       96%         4


Dungeon Overview and Level Annotations

Branches:
Dungeon (4/15)
 Temple: D:4-7

Altars:


Innate Abilities, Weirdness & Mutations

You have a pair of horns on your head.
You reflexively headbutt those who attack you in melee.


Message History

The adder closely misses you. The quokka barely misses you.
Your crimson imp misses the quokka.
The adder bites you.
You are poisoned.
The adder poisons you!
You closely miss the quokka.
The quokka is moderately wounded.
You feel sick. The quokka closely misses you. You furiously retaliate!
You headbutt the quokka, but do no damage.
The adder bites you.
You are more poisoned.
The adder poisons you!
Your crimson imp hits the adder.
Your crimson imp blinks!
You hit the adder. Your headbutt misses the adder.
The adder is severely wounded.
You feel very sick. The quokka barely misses you. The adder bites you.
You are more poisoned.
The adder poisons you!
Your crimson imp hits the adder.
The quokka twitches its whiskers.
The quokka barely misses you. The adder bites you but does no damage.
You feel sick.
Your crimson imp misses the adder.
The quokka bites you.
You aren't carrying any potions.
Okay, then.
You closely miss the adder.
The adder is almost dead.
* * * LOW HITPOINT WARNING * * *
You feel very sick.
Your crimson imp disappears in a puff of smoke!
The adder bites you but does no damage. The quokka barely misses you.
You furiously retaliate!
You headbutt the quokka. You miss the adder. You headbutt the adder.
You kill the adder!
* * * LOW HITPOINT WARNING * * *
You feel sick. The quokka bites you.
* * * LOW HITPOINT WARNING * * *
Your crimson imp blinks!
The quokka barely misses you.
* * * LOW HITPOINT WARNING * * *
You feel sick. The quokka bites you.
You die...

.## .... ## #..#
#. ...# ##.# ...
#... ###.#.###
###...##........
#..5.ยง>.@#
#.....).r#
#.......##
##......#
#.#......
##...##### ##..
...


You could see a quokka (ally target) and a friendly crimson imp (summoned).

Vanquished Creatures
  A howler monkey skeleton (D:4)
  An adder (D:3)
  2 dart slugs (D:1)
  A giant cockroach (D:4)
  3 hobgoblins
  3 jackals (D:1)
  A quokka (D:1)
  7 frilled lizards (D:1)
  A kobold (D:3)
  2 rats (D:1)
22 creatures vanquished.

Vanquished Creatures (collateral kills)
  An adder (D:4)
  An adder skeleton (D:4)
  A ball python (D:1)
  A hobgoblin (D:4)
  2 frilled lizards (D:1)
  A kobold (D:1)
7 creatures vanquished.

Grand Total: 29 creatures vanquished

Notes
Turn   | Place    | Note
-------+----------+-------------------------------------------
     0 | D:1      | mandarbmax the Minotaur Summoner began the quest for the
                  | Orb.
     0 | D:1      | Reached XP level 1. HP: 14/14 MP: 1/1
   152 | D:1      | Reached skill level 1 in Fighting
   224 | D:1      | Reached XP level 2. HP: 6/23 MP: 0/3
   458 | D:1      | Learned a level 2 spell: Call Imp
  1116 | D:1      | Reached skill level 3 in Dodging
  1567 | D:2      | You fall into a shaft and drop 2 floors!
  1581 | D:4      | Reached XP level 3. HP: 23/29 MP: 4/4
  1944 | D:3      | Slain by a quokka

Illustrated notes

Levels and vault maps discovered:
D:1:      dpeg_arrival_rhombi, layout_loops_ring, minmay_lizard_pond
D:2:      wander_river, layout_loops_ring, amcnicky_mini_corridor_feature,
          st_stairs_9, uniq_robin
D:3:      layout_loops_ring, hellmonk_ghost_happy_afterlife, minivault_5,
          skrybe_limestone_x
D:4:      minmay_angry_zag, layout_cave_pools

Skill      XL: |  1  2 |
---------------+-------+-----
Fighting       | 1 2 |  2.8
Dodging        | 3 |  3.4
Stealth        | |  1.5
Spellcasting   | |  1.3
Summonings     | |  2.9

Action                   || total
-------------------------++-------
Melee: Unarmed           ||    34
       Headbutt          ||    15
       Short sword       ||    37
 Cast: Summon Small Mamm ||    19
       Call Imp          ||     6
  Use: Scroll            ||     1
 Stab: Sleeping          ||     1
Armor: Robe              ||     8
Dodge: Dodged            ||    41
